 Dungeon Crawl Stone Soup version 0.31-a0-1009-g454b1f1e0a (webtiles) character file.

Game seed: 7753755118968666436

67 Maratek the Trooper (level 3, -3/29 HPs)
             Began as a Demonspawn Fighter on Nov 13, 2023.
             Was an Initiate of Qazlal.
             Slain by a gnoll
             ... wielding a +0 spear
              (4 damage)
             ... on level 4 of the Dungeon.
             The game lasted 00:01:55 (1785 turns).

Maratek the Trooper (Demonspawn Fighter)            Turns: 1785, Time: 00:01:56

Health: -3/29      AC:  6    Str: 18    XL:     3   Next: 98%
Magic:  3/3        EV:  9    Int:  9    God:    Qazlal [......]
Gold:   171        SH:  6    Dex: 14    Spells: 2/2 levels left

rFire   . . .        a - +0 war axe
rCold   . . .        c - +1 buckler
rNeg    . . .        b - +0 scale mail
rPois   .            (no helmet)
rElec   .            (no cloak)
rCorr   .            (no gloves)
SInv    +            (no boots)
Will    .....        (no amulet)
Stlth   +            j - ring of see invisible
HPRegen 0.24/turn    (no ring)
MPRegen 0.08/turn

%: no passive effects
@: no status effects
A: thin skeletal structure 1, demonic guardian 1
a: Renounce Religion


You were on level 4 of the Dungeon.
You worshipped Qazlal.
Qazlal was noncommittal.
You visited 1 branch of the dungeon, and saw 4 of its levels.

You collected 171 gold pieces.

Inventory:

Hand Weapons
 a - a +0 war axe (weapon)
Missiles
 k - a throwing net
Armour
 b - a +0 scale mail (worn)
 c - a +1 buckler (worn)
Jewellery
 j - a ring of see invisible (left hand)
Scrolls
 h - a scroll of revelation
 l - a scroll of identify
Potions
 d - 2 potions of might
 e - 2 potions of attraction {unknown}
 f - 2 potions of curing {unknown}
 i - a potion of heal wounds {unknown}


   Skills:
 + Level 3.3 Fighting
 + Level 2.7 Axes
 + Level 3.2 Armour
 + Level 0.3 Dodging
 + Level 0.3 Stealth
 + Level 3.0 Shields


You had 2 spell levels left.
You didn't know any spells.
Your spell library contained the following spells:

 Spells                   Type           Power      Damage    Failure   Level
 Apportation              Tloc           0%         N/A       85%         1
 Sandblast                Erth           0%         2d4       85%         1
 Jinxbite                 Hex            0%         N/A       94%         2
 Passwall                 Tmut/Erth      0%         N/A       94%         2
 Call Canine Familiar     Summ           0%         N/A       99%         3
 Sigil of Binding         Hex            0%         N/A       99%         3
 Stone Arrow              Conj/Erth      0%         3d7       99%         3
 Brom's Barrelling Bould  Conj/Erth      0%         2d3       100%        4
 Dimensional Bullseye     Hex/Tloc       0%         N/A       100%        4
 Leda's Liquefaction      Hex/Erth       0%         N/A       100%        4
 Alistair's Intoxication  Tmut/Pois      0%         N/A       100%        5


Dungeon Overview and Level Annotations

Branches:
Dungeon (4/15)
 Temple: D:4-7

Altars:
Gozag
Hepliaklqana
Qazlal


Innate Abilities, Weirdness & Mutations

You have a somewhat thin skeletal structure. (Dex +2, Stealth+)
A weak demonic guardian rushes to your aid.


Message History

Qazlal accepts your kill.
Your Shields skill increases to level 3!
Found an opulent altar of Gozag.
The gnoll hits you with a +0 flail. The gnoll hits you with a +0 flail!
The gnoll hits you from afar with a +0 spear.
A quokka comes into view.
You are too injured to fight recklessly!
You are too injured to fight recklessly!
You are too injured to fight recklessly!
You are too injured to fight recklessly!
You are too injured to fight recklessly!
You are too injured to fight recklessly!
You are too injured to fight recklessly!
You are too injured to fight recklessly!
You are too injured to fight recklessly!
You are too injured to fight recklessly!
You are too injured to fight recklessly!
You are too injured to fight recklessly!
You are too injured to fight recklessly!
You are too injured to fight recklessly!
You are too injured to fight recklessly!
You are too injured to fight recklessly!
You are too injured to fight recklessly!
Unknown command.
You are too injured to fight recklessly!
You are too injured to fight recklessly!
Unknown command.
You are too injured to fight recklessly!
Unknown command.
You are too injured to fight recklessly!
Unknown command.
You hit the gnoll.
The gnoll is lightly wounded.
You barely miss the gnoll. The gnoll hits you with a +0 flail.
* * * LOW HITPOINT WARNING * * *
The gnoll hits you with a +0 flail.
* * * LOW HITPOINT WARNING * * *
A demonic guardian appears!
The gnoll hits you from afar with a +0 spear.
You die...

############.########...
###...................+<..
.................# #...
...............#.######...
###.###......###.....##...
.............# #####.##...
..#######..5.# #.##... ##
#....# #.....) # #@)..#
###.### +_'..gg..# #.#
#'###.g..# #.# #....#
#.### #....# #...# .....#
###.# ...... #.# ...r..#
#.. ###


You could see 3 gnolls, a quokka and a friendly quasit (summoned).

Vanquished Creatures
  A gnoll (D:4)
  An adder (D:3)
  2 worms (D:3)
  3 ball pythons
  3 bats
  2 endoplasms
  3 giant cockroaches (D:1)
  3 goblins
  4 hobgoblins
  3 jackals (D:2)
  2 quokkas
  4 frilled lizards
  7 kobolds
  A rat (D:2)
39 creatures vanquished.

Notes
Turn   | Place    | Note
-------+----------+-------------------------------------------
     0 | D:1      | Maratek the Demonspawn Fighter began the quest for the Orb.
     0 | D:1      | Reached XP level 1. HP: 18/18 MP: 1/1
   116 | D:1      | Gained mutation: You have a somewhat thin skeletal
                  | structure. (Dex +2, Stealth+) [demonic ancestry]
   116 | D:1      | Reached XP level 2. HP: 18/24 MP: 2/2
  1147 | D:2      | Gained mutation: A weak demonic guardian rushes to your
                  | aid. [demonic ancestry]
  1147 | D:2      | Reached XP level 3. HP: 28/29 MP: 3/3
  1297 | D:3      | Found a faded altar of an unknown god.
  1361 | D:3      | Found a hazy altar of Hepliaklqana.
  1471 | D:3      | Found a stormy altar of Qazlal.
  1584 | D:3      | Became a worshipper of Qazlal Stormbringer
  1784 | D:4      | Found an opulent altar of Gozag.
  1785 | D:4      | HP: 1/29 [gnoll/+0 flail (6)]
  1785 | D:4      | Slain by a gnoll

Illustrated notes

Levels and vault maps discovered:
D:1:      scummos_arrival_simple_crosswalls, layout_basic
D:2:      layout_basic
D:3:      layout_rooms, lemuel_tele_altar, marbit_many_paths,
          dreamdust_ecumenical_altar_statues
D:4:      layout_basic, lemuel_doored_altar, minmay_lizard_king

Skill      XL: |  1  2  3 |
---------------+----------+-----
Armour         | 3 |  3.2
Axes           | 2 |  2.7
Shields        | 3 |  3.0
Fighting       | |  3.3
Dodging        | |  0.3
Stealth        | |  0.3

Action                     || total
---------------------------++-------
  Melee: War axe           ||   107
    Use: Scroll            ||     5
 Armour: Scale mail        ||    74
  Dodge: Dodged            ||    44
  Block: Buckler           ||    30

Table legend: (Time is in decaauts)
 A = Elapsed time spent in this place.
 B = Non-inter-level travel time spent in this place.
 C = Inter-level travel time spent in this place.
 D = Time resting spent in this place.
 E = Time spent auto-exploring this place.
 F = Levels seen in this place.
 G = Mean time per level.
                   A        B        C        D        E       F      G
               +--------+--------+--------+--------+--------+-----+--------+
         Total |   1829 |   1678 |    151 |      0 |   1373 |   4 |  457.2 |
       Dungeon |   1829 |   1678 |    151 |      0 |   1373 |   4 |  457.2 |
               +--------+--------+--------+--------+--------+-----+--------+

Top non-repeatable levels by time:
     D:2: 709 daAuts
     D:1: 595 daAuts
     D:3: 369 daAuts
     D:4: 155 daAuts
